 Dungeon Crawl Stone Soup version 0.30-a0-234-g97d66968fd (webtiles) character file.

Game seed: 11960343654610081542

132745 Morbidden the Black Belt (level 16, -2/135 HPs)
             Began as a Pale Draconian Monk on Oct 10, 2022.
             Was an Elder of Cheibriados.
             Killed from afar by a will-o-the-wisp (21 damage)
             ... with a foxfire
             ... on level 3 of the Swamp.
             The game lasted 01:04:24 (30838 turns).

Morbidden the Black Belt (Pale Draconian Monk)     Turns: 30838, Time: 01:04:25

Health: -2/135     AC: 21    Str: 31    XL:     16   Next: 58%
Magic:  35/39      EV: 23    Int: 27    God:    Cheibriados [****..]
Gold:   3248       SH: 15    Dex: 23    Spells: 16/35 levels left

rFire   . . .      SeeInvis .      - Unarmed
rCold   x . .      Faith    .    W - +2 kite shield {AC+3}
rNeg    + + .      Spirit   .    (body armour unavailable)
rPois   +          Reflect  .    O - +2 hat
rElec   +          Harm     .    M - +1 cloak of Starlight {*Dazzle EV+4 Stlth--}
rCorr   .          Rampage  .    A - +2 pair of gloves "Bus Wecutim" {rElec rPois rN++ Stlth-}
Will    +....                    V - +1 pair of boots "Bemn" {rElec Str+8}
Stlth   +.........               B - amulet of magic regeneration
HPRegen 0.42/turn                e - ring of magical power
MPRegen 0.66/turn                o - +4 ring of slaying

@: lethally poisoned (-2 -> -3), very slow
A: breathe steam, AC +9, unfitting armour, cold-blooded, steam resistance, horns
2, cold vulnerability 1, subdued magic 1, MP-powered wands
a: Breathe Steam, Renounce Religion, Bend Time, Temporal Distortion, Slouch


You were on level 3 of the Swamp.
You worshipped Cheibriados.
Cheibriados was greatly pleased with you.
You visited 5 branches of the dungeon, and saw 26 of its levels.
You visited the Abyss 2 times.
You also visited: Ossuary, Ice Cave and Volcano.

You collected 3561 gold pieces.
You spent 313 gold pieces at shops.

Inventory:

Missiles
 r - 3 silver javelins
 z - 31 poisoned darts
 D - 10 javelins (quivered)
 H - 3 curare-tipped darts
 S - a throwing net
Armour
 j - the +2 pair of gloves "Kankah" {rF+ rC+ rN++ Str-5}
   (You bought it in a shop on level 2 of the Orcish Mines)

   Str:       It affects your strength (-5).
   rF:        It protects you from fire.
   rC:        It protects you from cold.
   rN:        It greatly protects you from negative energy.
 u - a +0 tower shield
 A - the +2 pair of gloves "Bus Wecutim" (worn) {rElec rPois rN++ Stlth-}
   (You found it in a volcano)

   rElec:     It insulates you from electricity.
   rPois:     It protects you from poison.
   rN:        It greatly protects you from negative energy.
   Stlth:     It makes you less stealthy.
 M - the +1 cloak of Starlight (worn) {*Dazzle EV+4 Stlth--}
   (You found it on level 9 of the Dungeon)

   It may blind those who miss an attack against the wearer in melee combat.
   EV:        It affects your evasion (+4).
   Stlth:     It makes you much less stealthy.
 O - a +2 hat (worn)
 V - the +1 pair of boots "Bemn" (worn) {rElec Str+8}
   (You found it on level 5 of the Lair of Beasts)

   Str:       It affects your strength (+8).
   rElec:     It insulates you from electricity.
 W - a +2 kite shield of protection (worn)
Jewellery
 e - a ring of magical power (left hand)
 g - a ring of fire
 i - a ring of protection from cold
 o - a +4 ring of slaying (right hand)
 s - a ring of ice
 t - a ring of fire
 v - an amulet of reflection
 B - an amulet of magic regeneration (around neck)
 U - a ring of fire
Wands
 E - a wand of flame (21)
 J - a wand of mindburst (13)
 K - a wand of charming (24)
 N - a wand of iceblast (6)
 Q - a wand of quicksilver (7)
 X - a wand of digging (6)
Scrolls
 c - 7 scrolls of enchant weapon
 l - a scroll of magic mapping
 n - 9 scrolls of teleportation
 q - 5 scrolls of amnesia
 w - 2 scrolls of poison
 x - a scroll of vulnerability
 y - 4 scrolls of immolation
 C - a scroll of blinking
 G - 19 scrolls of identify
 I - 5 scrolls of fear
 L - 3 scrolls of enchant armour
 R - a scroll of silence
Potions
 a - 8 potions of ambrosia
 b - 7 potions of heal wounds
 d - 3 potions of might
 f - 14 potions of curing
 h - 2 potions of cancellation
 k - 2 potions of invisibility
 m - 11 potions of brilliance
 p - 4 potions of flight
 F - 3 potions of resistance
 P - a potion of berserk rage
 T - 5 potions of mutation
 Z - 2 potions of magic
Miscellaneous
 Y - a tin of tremorstones (inert)


   Skills:
 * Level 10.5 Fighting
 + Level 4.0 Throwing
 * Level 10.3 Dodging
 + Level 6.5 Stealth
 * Level 8.5 Shields
 * Level 16.4 Unarmed Combat
 * Level 10.4 Spellcasting
 * Level 9.1 Conjurations
 * Level 10.1 Translocations
 * Level 2.4 Earth Magic
 * Level 8.2 Invocations


You had 16 spell levels left.
You knew the following spells:

 Your Spells              Type           Power      Damage    Failure   Level
a - Lehudib's Crystal Sp  Conj/Erth      17%        10d5      100%        8
x - Orb of Destruction    Conj           24%        9d9       87%         7
z - Manifold Assault      Tloc           52%        N/A       1%          4

Your spell library contained the following spells:

 Spells                   Type           Power      Damage    Failure   Level
 Blink                    Tloc           100%       N/A       1%          2
 Momentum Strike          Conj/Tloc      100%       3d10      1%          2
 Lesser Beckoning         Tloc           100%       N/A       1%          3
 Hailstorm                Conj/Ice       29%        3d8       3%          3
 Freeze                   Ice            40%        1d6       8%          1
 Slow                     Hex            40%        N/A       8%          1
 Summon Small Mammal      Summ           40%        N/A       8%          1
 Passwall                 Tmut/Erth      12%        N/A       8%          2
 Ensorcelled Hibernation  Hex/Ice        20%        N/A       13%         2
 Dispersal                Tloc           26%        N/A       21%         6
 Call Canine Familiar     Summ           10%        N/A       26%         3
 Confusing Touch          Hex            10%        N/A       26%         3
 Frozen Ramparts          Ice            20%        1d4       26%         3
 Summon Guardian Golem    Hex/Summ       10%        N/A       26%         3
 Swiftness                Air            10%        N/A       26%         3
 Vampiric Draining        Necr           10%        2d6       26%         3
 Summon Ice Beast         Ice/Summ       10%        N/A       65%         4
 Borgnjor's Vile Clutch   Necr/Erth      7%         N/A       83%         5
 Alistair's Intoxication  Tmut/Pois      6%         N/A       94%         5
 Summon Mana Viper        Hex/Summ       10%        N/A       94%         5
 Eringya's Noxious Bog    Tmut/Pois      5%         N/A       100%        6
 Monstrous Menagerie      Summ           5%         N/A       100%        7
 Ozocubu's Refrigeration  Ice            5%         4d8       100%        7
 Spellforged Servitor     Conj/Summ      14%        N/A       100%        7
 Disjunction              Tloc           26%        N/A       100%        8


Dungeon Overview and Level Annotations

Branches:
Dungeon (15/15)            Temple (1/1) D:5            Lair (5/5) D:8
  Swamp (3/4) Lair:3       Spider (0/4) Lair:3        Slime (0/5) Lair:5
    Orc (2/2) D:9             Elf (0/3) Orc:2        Vaults (0/5) D:13
 Depths (0/4) D:15        Ossuary (visited)           IceCv (visited)
Volcano (visited)

Altars:
Ashenzari
Cheibriados
Dithmenos
Elyvilon
Fedhas
Gozag
Hepliaklqana
Kikubaaqudgha
Makhleb
Nemelex Xobeh
Okawaru
Qazlal
Ru
Sif Muna
Trog
Uskayaw
Vehumet
Wu Jian
Xom
Yredelemnul
Zin
The Shining One
Jiyva
Lugonu

Shops:
D:15 *   Orc:2 *[[[

Annotations:
Swamp:1 1 runed translucent door, Smoky173's ghost, journeyman DrFE


Innate Abilities, Weirdness & Mutations

You can breathe blasts of scalding, opaque steam.
Your pale cyan-grey scales are hard. (AC +9)
You cannot fit into any form of body armour.
You are cold-blooded and may be slowed by cold attacks.
You are immune to the effects of steam.
You have a pair of horns on your head.
You are vulnerable to cold. (rC-)
Your spells are a little easier to cast, but a little less powerful.
You expend magic power (3 MP) to strengthen your wands.


Message History

The swamp dragon is heavily wounded.
You feel sick. The foxfire hits you! x2
* * * LOW HITPOINT WARNING * * *
The swamp dragon completely misses you. You block the swamp dragon's attack.
The swamp dragon completely misses you.
Unknown command.
Unknown command.
Unknown command.
You barely miss the swamp dragon.
The swamp dragon is heavily wounded.
You feel sick.
Unknown command.
Unknown command.
Unknown command.
Your unstable footing causes you to fumble your attack.
The swamp dragon completely misses you. The swamp dragon misses you.
The swamp dragon closely misses you.
Unknown command.
Unknown command.
Activating: Slouch (6% risk of failure)
Press: ? - help, Dir - look around, f - activate You can feel time thicken for a moment.
Cheibriados lowers the support of your attributes as your movement quickens.
You feel sick.
The will-o-the-wisp gestures.
The will-o-the-wisp conjures some foxfire!
The swamp dragon misses you.
The swamp dragon is blinded by the light from your cloak!
You block the swamp dragon's attack.
The swamp dragon misses you. 2 foxfires come into view.
Unknown command.
Unknown command.
Your unstable footing causes you to fumble your attack.
You feel sick. The foxfire hits you!
* * * LOW HITPOINT WARNING * * *
The will-o-the-wisp gestures.
The will-o-the-wisp conjures some foxfire!
You block the swamp dragon's attack. The swamp dragon completely misses you.
You block the swamp dragon's attack. The foxfire hits you!!
You die...

♣~~~~~. ~....(~.~
~§~~~§~ ~..~~~~~.
.~~~... ♣§~~~~~~~
.......♣♣♣.~~~~~~~
.~~~~.~..♣.~~~~§~~
...♣~...~.~)~~~~~
♣♣..♣♣~..♣♣♣♣
..♣♣♣v..?~♣♣♣
...~.v§@..♣♣
~~..§vDv..~♣♣♣
~~~§...§...^.~♣♣♣.
....§~.♣♣♣.~~.~~..>♣
.....~. ♣<~~~.~.~♣♣
.........~.~~~.♣..♣
....#.~~..~~.♣♣ >.♣
....#..~..~~~.. ~♣
#.....~~.~~♣ ♣


You could see a swamp dragon (blind) and a will-o-the-wisp.

Vanquished Creatures
  Mlioglotl (Swamp:1)
  A lich (Abyss:3)
  Gastronok (Lair:1)
  A tentacled starspawn (Abyss:3)
  A stone giant (Volcano)
  2 reapers (IceCv)
  2 very ugly things (Abyss:3)
  2 eleionomae
  A dire elephant (Lair:5)
  A bunyip (Swamp:3)
  A minotaur (Lair:2)
  Josephine (D:11)
  An entropy weaver (shapeshifter) (D:14)
  2 catoblepae
  4 vault guards (D:13)
  Erica (Lair:1)
  A ghost crab (Swamp:1)
  4 centaur warriors
  8 hydras
  A death knight (D:9)
  11 alligators
  3 boulder beetles
  A deep troll shaman (Lair:5)
  2 two-headed ogres (D:13)
  13 death yaks
  5 orc high priests (Orc:2)
  2 tengu warriors (D:13)
  Nergalle (Lair:2)
  A wretched star (Abyss:3)
  2 large abominations (Abyss:3)
  2 goliath frogs
  5 bog bodies
  5 swamp dragons
  4 wizards
  An orb spider (Lair:3)
  Pikel (D:5)
  An obsidian statue (IceCv)
  4 spriggan simulacra (IceCv)
  3 deep elf pyromancers
  A necromancer (D:15)
  3 orc sorcerers
  7 orc knights
  4 ugly things
  3 manticores
  A will-o-the-wisp (Swamp:1)
  7 elephants
  5 cyclopes
  2 black mambas
  An ice statue (D:15)
  2 naga magi (D:15)
  5 gargoyles
  A torpor snail (Lair:4)
  A centaur skeleton (D:15)
  An unseen horror (D:12)
  12 cane toads
  Psyche (D:11)
  6 efreet
  4 ice devils (IceCv)
  A komodo dragon (shapeshifter) (D:15)
  A rime drake (Lair:5)
  2 anaconda simulacra (IceCv)
  3 kobold demonologists (D:13)
  An ancient zyme (Abyss:3)
  7 freezing wraiths (IceCv)
  9 komodo dragons
  5 trolls
  3 polar bears
  22 blink frogs
  4 tyrant leeches (Swamp:1)
  A meliai zombie (D:15)
  2 centaur simulacra (D:15)
  2 shadows
  3 vampires
  A dire elephant simulacrum (IceCv)
  7 wraiths
  2 water elementals (D:15)
  8 wyverns
  65 yaks
  8 humans (D:13)
  2 fire elementals (Volcano)
  3 fire bats (Orc:1)
  9 vampire mosquitoes
  A neqoxec (Abyss:3)
  4 basilisks
  4 steam dragons
  4 wargs
  3 minotaur simulacra (IceCv)
  8 swamp worms
  4 acid dragons
  14 water moccasins
  An ice beast (D:5)
  38 orc warriors
  5 sky beasts
  5 black bears
  4 ogres
  An alligator simulacrum (IceCv)
  An ettin simulacrum (IceCv)
  5 boggarts (D:15)
  17 wolves
  20 centaurs
  2 lemures (D:5)
  A phantom (D:7)
  An elf zombie (Ossuary)
  3 kobold brigands
  13 bullfrogs
  3 necrophages (D:7)
  A deep troll simulacrum (IceCv)
  2 scorpions
  2 earth elementals (Volcano)
  A gnoll sergeant (D:12)
  27 wights
  17 killer bees
  A lindwurm simulacrum (IceCv)
  A howler monkey (D:7)
  2 centaur zombies (D:7)
  9 starcursed masses (Abyss:3)
  3 hounds (D:5)
  A quasit (Abyss:3)
  A human zombie (D:7)
  2 jellies (D:6)
  A gnoll bouda (D:7)
  30 orc priests
  An iron imp (Abyss:3)
  4 iguanas
  24 orc wizards
  A killer bee zombie (D:7)
  6 mummies
  A howler monkey zombie (D:7)
  15 gnolls
  8 adders
  A shadow imp (D:6)
  2 white imps
  3 worms
  A dart slug (D:4)
  89 orcs
  5 ball pythons
  6 endoplasms
  6 giant cockroaches
  8 goblins
  3 hobgoblins
  7 jackals
  18 kobolds
  3 quokkas
  7 bats
  4 frilled lizards
  4 goblin zombies (Ossuary)
  2 hobgoblin zombies (Ossuary)
  An orc zombie (Ossuary)
  6 rats
841 creatures vanquished.

Vanquished Creatures (others)
  A hydra (Swamp:1)
  4 bloated husks
  A howler monkey (D:9)
  A bush (Lair:5)
  11 foxfires
  17 fungi
  47 plants
  2 starspawn tentacles (Abyss:3)
  2 withered plants (Swamp:1)
86 creatures vanquished.

Grand Total: 927 creatures vanquished

Notes
Turn   | Place    | Note
-------+----------+-------------------------------------------
     0 | D:1      | Morbidden the Draconian Monk began the quest for the Orb.
     0 | D:1      | Reached XP level 1. HP: 19/19 MP: 1/1
   216 | D:1      | Reached XP level 2. HP: 25/26 MP: 2/2
   230 | D:1      | Found a faded altar of an unknown god.
   813 | D:2      | Reached XP level 3. HP: 31/31 MP: 3/3
  1571 | D:3      | Reached XP level 4. HP: 39/39 MP: 5/5
  1800 | D:3      | Found an iron altar of Okawaru.
  2031 | D:3      | Reached skill level 4 in Unarmed Combat
  2058 | D:3      | Reached skill level 1 in Spellcasting
  2276 | D:4      | Reached XP level 5. HP: 32/46 MP: 6/6
  2362 | D:4      | Found a sand-covered staircase.
  2367 | Ossuary  | Entered an ossuary
  2367 | Ossuary  | Noticed a wraith
  2367 | Ossuary  | Noticed a wraith
  2367 | Ossuary  | Noticed a wraith
  2459 | Ossuary  | Noticed a wraith
  2550 | Ossuary  | Reached skill level 5 in Unarmed Combat
  2631 | Ossuary  | Reached XP level 6. HP: 52/52 MP: 8/8
  2740 | Ossuary  | Killed a wraith
  2919 | D:4      | Reached skill level 6 in Unarmed Combat
  3190 | D:4      | Noticed a sky beast
  3208 | D:4      | Killed a sky beast
  3209 | D:4      | Your scales start taking on a pale cyan-grey colour.
  3209 | D:4      | Reached XP level 7. HP: 46/59 MP: 8/10
  3209 | D:4      | Gained mutation: You are immune to the effects of steam.
                  | [Pale Draconian growth]
  3556 | D:4      | Learned a level 7 spell: Orb of Destruction
  3557 | D:5      | Entered Level 5 of the Dungeon
  3558 | D:5      | Found a white marble altar of Elyvilon.
  3574 | D:5      | Found a shimmering altar of Xom.
  3581 | D:5      | Found a staircase to the Ecumenical Temple.
  3621 | Temple   | Entered the Ecumenical Temple
  3743 | D:5      | Reached skill level 7 in Unarmed Combat
  3803 | D:5      | Reached skill level 1 in Throwing
  3954 | D:5      | Reached skill level 1 in Conjurations
  3954 | D:5      | Reached XP level 8. HP: 67/67 MP: 10/12
  3983 | D:5      | Noticed Pikel
  4150 | D:5      | Found a burning altar of Makhleb.
  4219 | D:5      | Killed Pikel
  4220 | D:5      | Reached skill level 8 in Unarmed Combat
  4297 | D:5      | Learned a level 2 spell: Momentum Strike
  4363 | D:6      | Reached skill level 5 in Fighting
  4370 | D:6      | Reached skill level 1 in Translocations
  4559 | D:6      | Reached skill level 1 in Shields
  4707 | D:6      | Found a broken altar of Ashenzari.
  4713 | D:6      | Reached XP level 9. HP: 74/74 MP: 14/14
  4947 | D:7      | Noticed a +0 falchion
  4947 | D:7      | Noticed a +0 short sword
  4947 | D:7      | Noticed a +0 short sword
  4947 | D:7      | Noticed a +0 spear
  4948 | D:7      | Noticed a +0 spear
  4948 | D:7      | Noticed a +0 dagger
  4948 | D:7      | Noticed a +0 falchion
  4949 | D:7      | Noticed a +0 dagger
  4957 | D:7      | Found a hide-covered altar of Uskayaw.
  4970 | D:7      | Noticed a deep elf pyromancer
  4978 | D:7      | Killed a deep elf pyromancer
  4979 | D:7      | Reached skill level 5 in Dodging
  5150 | D:7      | Reached skill level 9 in Unarmed Combat
  5516 | D:7      | Found an ancient bone altar of Kikubaaqudgha.
  6136 | D:8      | Reached XP level 10. HP: 24/83 MP: 16/16
  6374 | D:8      | Reached skill level 10 in Unarmed Combat
  6500 | D:8      | Found a glowing golden altar of the Shining One.
  6850 | D:8      | Found a staircase to the Lair.
  6876 | D:8      | Reached skill level 5 in Spellcasting
  7081 | D:8      | Found a snail-covered altar of Cheibriados.
  7096 | D:8      | Became a worshipper of Cheibriados the Contemplative
  7096 | D:8      | Reached * piety under Cheibriados
  7096 | D:8      | Reached ** piety under Cheibriados
  7320 | D:9      | Noticed a manticore
  7377 | D:9      | Identified the +3 robe "Oniu" {rN+ Str+4}
  7381 | D:9      | Reached skill level 11 in Unarmed Combat
  7414 | D:9      | Reached skill level 1 in Invocations
  7563 | D:9      | Noticed a catoblepas
  7567 | D:9      | Noticed a death knight
  7569 | D:9      | Noticed a centaur warrior
  7600 | D:9      | Killed a manticore
  7609 | D:10     | Entered Level 10 of the Dungeon
  7835 | D:10     | Found a stormy altar of Qazlal.
  7861 | D:10     | Reached *** piety under Cheibriados
  7862 | D:10     | Reached XP level 11. HP: 90/90 MP: 19/19
  7924 | D:9      | Found a staircase to the Orcish Mines.
  8302 | D:9      | Killed a death knight
  8453 | D:9      | Noticed a deep elf pyromancer
  8460 | D:9      | Killed a deep elf pyromancer
  8577 | D:9      | Noticed an orc sorcerer
  8581 | D:9      | Noticed an orc sorcerer
  8582 | D:9      | Found the +1 cloak of Starlight {*Dazzle EV+4 Stlth--}
  8586 | D:9      | Noticed a sixfirhy
  8588 | D:9      | Killed an orc sorcerer
  8590 | D:9      | Killed an orc sorcerer
  8735 | D:9      | Killed a centaur warrior
  8735 | D:9      | Reached **** piety under Cheibriados
  8999 | D:9      | Reached skill level 12 in Unarmed Combat
  9419 | D:9      | Killed a catoblepas
  9420 | D:9      | Reached skill level 5 in Conjurations
  9881 | D:10     | Found a radiant altar of Vehumet.
  9885 | D:10     | Reached ***** piety under Cheibriados
  9888 | D:10     | Found a hazy altar of Hepliaklqana.
  9889 | D:10     | Found a bloodstained altar of Trog.
  9972 | D:10     | Reached XP level 12. HP: 68/100 MP: 21/21
 10220 | Lair:1   | Entered Level 1 of the Lair of Beasts
 10528 | Lair:1   | Noticed Erica
 10559 | Lair:1   | Killed Erica
 10941 | Lair:1   | Identified the +6 mace "Exuso Cam" {venom, rCorr}
 11091 | Lair:1   | Noticed a six-headed hydra
 11097 | Lair:1   | Killed a six-headed hydra
 11098 | Lair:1   | Reached skill level 5 in Translocations
 11455 | Lair:1   | Noticed Gastronok
 11475 | Lair:1   | Killed Gastronok
 11476 | Lair:1   | Reached skill level 13 in Unarmed Combat
 12177 | Lair:2   | Reached skill level 5 in Stealth
 12230 | Lair:2   | Noticed Nergalle
 12242 | Lair:2   | Killed Nergalle
 12413 | Lair:2   | Reached ****** piety under Cheibriados
 12414 | Lair:2   | Reached skill level 5 in Shields
 12541 | Lair:2   | Found a runed translucent door.
 12882 | Lair:2   | Noticed a minotaur
 12897 | Lair:2   | Killed a minotaur
 13115 | Lair:3   | Reached XP level 13. HP: 105/107 MP: 23/23
 13326 | Lair:3   | Found a hole to the Spider Nest.
 13550 | Lair:3   | Found a staircase to the Swamp.
 14114 | Lair:4   | Reached skill level 5 in Invocations
 14147 | Lair:4   | Reached skill level 14 in Unarmed Combat
 15095 | Lair:5   | Entered Level 5 of the Lair of Beasts
 15220 | Lair:5   | Found a viscous altar of Jiyva.
 15221 | Lair:5   | Found a staircase to the Slime Pits.
 16045 | Lair:5   | Reached XP level 14. HP: 98/116 MP: 25/25
 16220 | Lair:5   | Reached skill level 15 in Unarmed Combat
 16507 | Lair:5   | Identified the +1 pair of boots "Bemn" {rElec Str+8}
 16671 | Lair:5   | Learned a level 4 spell: Manifold Assault
 17689 | D:11     | Noticed Psyche
 17700 | D:11     | Killed Psyche
 18097 | D:11     | Found a sparkling altar of Nemelex Xobeh.
 18109 | D:11     | Identified the +1 whip "Avalebla" {flame, rElec}
 18284 | D:11     | Noticed Josephine
 18290 | D:11     | Killed Josephine
 18413 | D:12     | Identified a scroll of acquirement
 18414 | D:12     | Acquired 525 gold pieces
 20952 | D:13     | Found a gate to the Vaults.
 21243 | Abyss:3  | Cast into level 3 of the Abyss (wizard)
 21301 | Abyss:3  | Noticed a green very ugly thing
 21306 | Abyss:3  | Noticed a green very ugly thing
 21307 | Abyss:3  | Noticed a green very ugly thing
 21310 | Abyss:3  | Killed a green very ugly thing
 21311 | Abyss:3  | Reached XP level 15. HP: 125/125 MP: 27/27
 21469 | Abyss:3  | Noticed a lich
 21474 | Abyss:3  | Killed a lich
 21476 | Abyss:3  | Paralysed by accursed screaming for 2 turns
 21500 | Abyss:3  | Noticed a tentacled starspawn
 21507 | Abyss:3  | Gained mutation: You occasionally lose the ability to drink
                  | potions when taking damage. [a neqoxec]
 21510 | Abyss:3  | Killed a tentacled starspawn
 21537 | D:14     | Escaped the Abyss
 22024 | Abyss:3  | Cast into level 3 of the Abyss (a wizard)
 22103 | D:14     | Escaped the Abyss
 22356 | D:14     | Got the Book of the Chilling Ground
 22517 | D:14     | Lost mutation: You occasionally lose the ability to drink
                  | potions when taking damage. [potion of mutation]
 22517 | D:14     | Gained mutation: You have a pair of small horns on your
                  | head. [potion of mutation]
 22517 | D:14     | Gained mutation: You have a pair of horns on your head.
                  | [potion of mutation]
 22517 | D:14     | Gained mutation: You expend magic power (3 MP) to
                  | strengthen your wands. [potion of mutation]
 22820 | D:15     | Entered Level 15 of the Dungeon
 22830 | D:15     | Found a frozen archway.
 22993 | IceCv    | Entered an ice cave
 23524 | IceCv    | Identified the +0 helmet "Vurian" {rElec rN+ Str+4}
 24614 | D:15     | Found a glowing golden altar of the Shining One.
 24720 | D:15     | Reached skill level 10 in Fighting
 24794 | D:15     | Found a staircase to the Depths.
 24886 | D:15     | Found Riywn's Elemental Accessories.
 25484 | Orc:1    | Entered Level 1 of the Orcish Mines
 25723 | Orc:1    | Reached skill level 16 in Unarmed Combat
 25724 | Orc:1    | Found a dark tunnel.
 25733 | Volcano  | Entered a volcano
 25762 | Volcano  | Identified the +2 pair of gloves "Bus Wecutim" {rElec rPois
                  | rN++ Stlth-}
 25877 | Volcano  | Reached skill level 10 in Spellcasting
 26262 | Orc:2    | Entered Level 2 of the Orcish Mines
 26362 | Orc:2    | Found a staircase to the Elven Halls.
 26720 | Orc:2    | Learned a level 8 spell: Lehudib's Crystal Spear
 26803 | Orc:2    | Reached XP level 16. HP: 65/134 MP: 30/30
 27386 | Orc:2    | Reached skill level 1 in Earth Magic
 27402 | Orc:2    | Found Sanweidi's Armour Shoppe.
 27402 | Orc:2    | Found Fijell's General Store.
 27403 | Orc:2    | Found Ferheupn's Antique Armour Emporium.
 27403 | Orc:2    | Found Uhigag's Antique Armour Shoppe.
 27416 | Orc:2    | Bought a pair of polished gloves for 313 gold pieces
 27416 | Orc:2    | Identified the +2 pair of gloves "Kankah" {rF+ rC+ rN++
                  | Str-5} (You bought it in a shop on level 2 of the Orcish
                  | Mines)
 27665 | Swamp:1  | Entered Level 1 of the Swamp
 27665 | Swamp:1  | You fall into a shaft and drop 1 floor!
 27665 | Swamp:2  | Identified the ring of Linearity {rCorr Str+4 Dex+4 Stlth+}
 28007 | Swamp:2  | Reached skill level 10 in Dodging
 28759 | Swamp:1  | Found a runed translucent door.
 28760 | Swamp:1  | Noticed Smoky173's ghost (journeyman DrFE)
 28783 | Swamp:1  | Identified the +5 spear of Tolloick {holy, rF+}
 29061 | Swamp:1  | Reached skill level 10 in Translocations
 29283 | Swamp:1  | Noticed Mlioglotl
 29288 | Swamp:1  | Gained mutation: Your spells are a little easier to cast,
                  | but a little less powerful. [a neqoxec]
 29289 | Swamp:1  | Gained mutation: You are vulnerable to cold. (rC-) [a
                  | neqoxec]
 29299 | Swamp:1  | Killed Mlioglotl
 29928 | Swamp:2  | Found a basalt altar of Yredelemnul.
 30838 | Swamp:3  | Killed from afar by a will-o-the-wisp

Illustrated notes

Levels and vault maps discovered:
D:1:      minmay_arrival_widening_spiral_wide, layout_rooms,
          dreamdust_ecumenical_altar_angels_and_demons, minmay_close_crescents
D:2:      layout_basic
D:3:      layout_loops_cross, lemuel_coloured_pillars_altar
D:4:      layout_rooms, serial_co_window_serial, co_window_cross_1,
          co_window_of_opportunity_a, co_window_paths_a, co_window_paths_a,
          co_window_corner_a, co_window_broadway_a, co_window_of_opportunity_b,
          co_window_broadway_b, glass_columns_b, glass_columns_a,
          glass_columns_c, glass_columns_b, glass_columns_b, enter_ossuary_2,
          minmay_misc_feat_tower
D:5:      layout_gridville, mainiacjoe_overflow_catwalk, lightli_temple_of_fire,
          xom_teletrap_fun, minmay_temple_entry_butterflies, uniq_pikel
D:6:      layout_rooms, evilmike_ruin_ashenzari
D:7:      layout_basic, nicolae_uskayaw_en_pointe,
          lemuel_mausoleum_altar_kikubaaqudgha, grunt_ministairs_4
D:8:      layout_rooms, cheibrodos_worm_habitat, marbit_many_paths,
          david_lair_shrubbed
D:9:      minmay_the_grid_4x2 [minmay_the_grid_plusring, minmay_the_grid_fan,
          minmay_the_grid_embedded, minmay_the_grid_tree, minmay_the_grid_doors,
          minmay_the_grid_tri_star, minmay_the_grid_minigrid_large,
          minmay_the_grid_prize_big_room], layout_irregular_city, orc_0_dummy
D:10:     layout_roguey, mainiacjoe_overflow_six_doors_small, minitemple
D:11:     layout_big_octagon, nemelex_altar_shiori, uniq_psyche, uniq_josephine
D:12:     layout_basic, serial_co_window_serial, co_window_corner_a,
          co_window_paths_a, co_window_of_opportunity_a, co_window_paths_b,
          co_window_paths_b, co_window_paths_b, co_window_corner_a,
          co_window_2corner, co_window_paths_c, co_window_paths_c,
          co_window_of_opportunity_c, co_window_2corner, co_window_4corner_b,
          glass_columns_a, glass_columns_b, glass_columns_a, glass_columns_a
D:13:     layout_gridville, ximxim_vaults_locker_room, kennysheep_nub,
          minmay_starry_boxes
D:14:     layout_irregular_city, kennysheep_decorative_pillar,
          minmay_splitting_lines
D:15:     grunt_enter_depths_magical_seal, layout_gridville, tso_altar,
          serial_ice, serial_ice_g, serial_ice_f, serial_ice_j, serial_ice_e,
          serial_ice_b, portal_ice_cave_entry_ice_statue_one,
          nicolae_elemental_shop
Temple:   corrupted_temple
Lair:1:   cheibrodos_lair_river_kwai, layout_regular_city, st_stairs_6,
          minivault_19, infiniplex_staircase_pool_2, grunt_megastairs_3,
          uniq_erica, uniq_gastronok
Lair:2:   dreamdust_labyrinth, layout_chaotic_city, uniq_nergalle
Lair:3:   layout_roguey, swamp_mist_pool, nicolae_spider_entry_orb_guardian
Lair:4:   layout_regular_city, grunt_megastairs_4
Lair:5:   grunt_lair_end_beastmaster, layout_cave_pods, slime_entry_1
Swamp:1:  layout_basic_swamp, gammafunk_ghost_grave,
          evilmike_swamp_ruin_rubble_2, uniq_mlioglotl
Swamp:2:  layout_falls_marsh, evilmike_swamp_ruin_house_6, grunt_ruined_hall,
          infiniplex_staircase_pool
Swamp:3:  layout_basic_swamp, evilmike_swamp_ruin_rubble_1, swamp_pool4
Orc:1:    layout_caves, nicolae_volcano_entry_batcave
Orc:2:    st_orc_pillars, layout_diamond_mine, nicolae_orc_lost_temple

Skill      XL: |  1  2  3  4  5  6  7  8  9 10 11 12 13 14 15 16 |
---------------+-------------------------------------------------+-----
Dodging        | 3 4 5 6 7 8 9 10 | 10.3
Stealth        | 2 3 4 5 6 |  6.5
Unarmed Combat | 4 5 6 7 8 9 11 12 13 14 15 16 | 16.4
Spellcasting   | 1 2 3 4 5 6 7 8 10 | 10.4
Fighting       | 4 5 6 7 8 9 10 | 10.5
Throwing       | 1 2 3 4 |  4.0
Conjurations   | 1 2 3 4 5 6 7 8 9 |  9.1
Translocations | 1 2 3 4 5 6 8 9 10 | 10.1
Shields        | 1 2 3 5 6 7 8 |  8.5
Invocations    | 1 3 4 5 6 7 8 |  8.2
Earth Magic    | 2 |  2.4

Action                   |  1- 3 |  4- 6 |  7- 9 | 10-12 | 13-15 | 16-18 || total
-------------------------+-------+-------+-------+-------+-------+-------++-------
Melee: Unarmed           |   129 |   145 |   252 |   538 |  1284 |   276 ||  2624
       Tailslap          |    15 |    19 |    45 |    92 |   207 |    43 ||   421
       Punch             |     5 |     2 |    13 |    43 |    50 |       ||   113
       Headbutt          |       |       |       |       |    57 |    59 ||   116
Throw: Stone             |     5 |    11 |     8 |       |       |       ||    24
       Dart              |       |     8 |    18 |    67 |    22 |       ||   115
       Javelin           |       |     2 |       |       |    11 |    15 ||    28
       Boomerang         |       |       |     6 |       |       |       ||     6
 Cast: Momentum Strike   |       |       |     2 |     2 |     4 |       ||     8
       Manifold Assault  |       |       |       |       |   296 |    42 ||   338
Invok: Slouch            |       |       |       |       |    20 |     5 ||    25
 Abil: Breathe Steam     |       |       |     8 |    42 |       |     4 ||    54
Evoke: Wand              |       |       |     2 |     2 |     8 |     2 ||    14
       Tin of tremorston |       |       |       |       |     2 |     1 ||     3
  Use: Scroll            |       |     6 |       |    12 |     9 |     9 ||    36
       Potion            |       |     3 |       |     3 |     8 |       ||    14
 Stab: Sleeping          |     4 |     3 |     6 |     1 |     4 |       ||    18
       Distracted        |       |       |       |     1 |     1 |       ||     2
       Invisible         |       |       |       |    34 |    62 |    11 ||   107
       Petrified         |       |       |       |       |     1 |       ||     1
Armor: Skin              |    45 |    39 |    81 |   126 |   209 |    67 ||   567
Dodge: Dodged            |    94 |    77 |    98 |   449 |   979 |   212 ||  1909
Block: Other             |       |    10 |    42 |   128 |   107 |       ||   287
       Reflection        |       |       |     3 |     4 |       |       ||     7
       Kite shield       |       |       |       |       |   333 |   179 ||   512

Table legend: (Time is in decaauts)
 A = Elapsed time spent in this place.
 B = Non-inter-level travel time spent in this place.
 C = Inter-level travel time spent in this place.
 D = Time resting spent in this place.
 E = Time spent auto-exploring this place.
 F = Levels seen in this place.
 G = Mean time per level.
                   A        B        C        D        E       F      G
               +--------+--------+--------+--------+--------+-----+--------+
         Total |  40534 |  38323 |   2211 |   5709 |  24823 |  31 | 1307.5 |
       Dungeon |  20344 |  19026 |   1318 |   2387 |  12977 |  15 | 1356.3 |
        Temple |     40 |     28 |     12 |      0 |     21 |   1 |   40.0 |
          Lair |  10962 |  10267 |    695 |   1045 |   7558 |   5 | 2192.4 |
         Swamp |   4020 |   3966 |     54 |   1214 |   2220 |   3 | 1340.0 |
  Orcish Mines |   2598 |   2468 |    130 |    236 |   1436 |   2 | 1299.0 |
         Abyss |    445 |    445 |      0 |    126 |    125 |   2 |  222.5 |
       Ossuary |    466 |    466 |      0 |     27 |     90 |   1 |  466.0 |
      Ice Cave |   1289 |   1289 |      0 |    637 |    279 |   1 | 1289.0 |
       Volcano |    366 |    366 |      0 |     36 |    116 |   1 |  366.0 |
               +--------+--------+--------+--------+--------+-----+--------+

Top non-repeatable levels by time:
  Lair:5: 3210 daAuts
     D:9: 2601 daAuts
    D:13: 2571 daAuts
    D:12: 2420 daAuts
  Lair:1: 2340 daAuts
 Swamp:2: 2288 daAuts
  Lair:2: 2009 daAuts
    D:15: 1892 daAuts
  Lair:4: 1706 daAuts
  Lair:3: 1696 daAuts
   Orc:2: 1694 daAuts
 Swamp:1: 1605 daAuts
     D:8: 1501 daAuts
    D:14: 1360 daAuts
   IceCv: 1289 daAuts
